 Dungeon Crawl Stone Soup version 0.30.1-4-g462c640d31 (webtiles) character file.

Game seed: 12816977457055492106

4430 Nick1 the Cleaver (level 10, -6/77 HPs)
             Began as a Formicid Fighter on Sept 17, 2023.
             Was a Follower of Okawaru.
             Mangled by an orc warrior
             ... wielding a +0 dire flail
              (9 damage)
             ... on level 9 of the Dungeon.
             The game lasted 00:24:44 (6303 turns).

Nick1 the Cleaver (Formicid Fighter)                Turns: 6303, Time: 00:24:45

Health: -6/77      AC: 13    Str: 25    XL:     10   Next: 62%
Magic:  12/12      EV:  9    Int:  8    God:    Okawaru [*.....]
Gold:   342        SH:  6    Dex: 13    Spells: 9/9 levels left

rFire   . . .        a - +0 war axe
rCold   . . .        c - +0 buckler
rNeg    . . .        i - +0 chain mail
rPois   .            (helmet unavailable)
rElec   .            x - scarf {repulsion}
rCorr   .            h - +0 pair of gloves
SInv    +            e - +0 pair of boots
Will    +....        (no amulet) Stlth
                     (no ring)
HPRegen 0.32/turn    (no ring)
MPRegen 0.13/turn

%: repel missiles
@: no status effects
A: permanent stasis, dig shafts and tunnels, antennae 3, four strong arms, wild
magic 1
a: Dig, Shaft Self, Renounce Religion, Heroism


You were on level 9 of the Dungeon.
You worshipped Okawaru.
Okawaru was aware of your devotion.
You visited 2 branches of the dungeon, and saw 11 of its levels.

You collected 342 gold pieces.

Inventory:

Hand Weapons
 a - a +0 war axe (weapon)
 s - a +2 scimitar of flaming
Missiles
 D - 7 poisoned darts (quivered)
 E - 2 javelins
Armour
 c - a +0 buckler (worn)
 e - a +0 pair of boots (worn)
 h - a +0 pair of gloves (worn)
 i - a +0 chain mail (worn)
 x - a scarf of repulsion (worn)
Jewellery
 f - a +4 ring of protection
 j - an amulet of faith
 w - a ring of fire
Wands
 C - a wand of acid (11)
Scrolls
 b - a scroll of enchant armour {unknown}
 d - a scroll of fog {unknown}
 m - 3 scrolls of teleportation {unknown}
 o - 4 scrolls of noise {unknown}
 q - a scroll of enchant weapon {unknown}
 u - a scroll of immolation {unknown}
 v - a scroll of fear {unknown}
 y - a scroll of magic mapping {unknown}
Potions
 g - a potion of curing
 k - a potion of cancellation
 l - 2 potions of brilliance
 p - a potion of magic
 r - a potion of resistance {unknown}
 t - a potion of mutation
 z - a potion of lignification {unknown}
 B - a potion of haste {unknown}


   Skills:
 * Level 6.9 Fighting
 * Level 10.5 Axes
 + Level 2.0 Throwing
 * Level 7.7 Armour
 + Level 1.6 Dodging
 + Level 0.9 Stealth
 * Level 7.7 Shields
 * Level 2.8 Invocations


You had 9 spell levels left.
You didn't know any spells.
Your spell library contained the following spells:

 Spells                   Type           Power      Damage    Failure   Level
 Shock                    Conj/Air       0%         1d3       95%         1
 Sublimation of Blood     Necr           0%         N/A       99%         2
 Wereblood                Tmut           0%         N/A       99%         2
 Inner Flame              Hex/Fire       0%         N/A       100%        3
 Airstrike                Air            0%         2d(0-16)  100%        4
 Cause Fear               Hex            0%         N/A       100%        4
 Yara's Violent Unravell  Hex/Tmut       0%         3d3       100%        5
 Dragon Form              Tmut           0%         N/A       100%        7
 Enfeeble                 Hex            0%         N/A       100%        7
 Swiftness                Air            Unusable   N/A       N/A         3
 Summon Hydra             Summ           Unusable   N/A       N/A         7
 Dragon's Call            Summ           Unusable   N/A       N/A         9

Dungeon Overview and Level Annotations

Branches:
Dungeon (10/15)            Temple (1/1) D:7            Lair (0/5) D:8
    Orc: D:9-12

Altars:
Ashenzari
Cheibriados
Dithmenos
Elyvilon
Fedhas
Gozag
Hepliaklqana
Kikubaaqudgha
Nemelex Xobeh
Okawaru
Qazlal
Ru
Sif Muna
Uskayaw
Vehumet
Wu Jian
Xom
Yredelemnul
Zin
The Shining One

Shops:
D:7 =


Innate Abilities, Weirdness & Mutations

You cannot be hasted, slowed, berserked, paralysed or teleported.
You can dig through walls and to a lower floor.
You have a pair of large antennae on your head. (SInv)
Your four strong arms can wield two-handed weapons with a shield.
Your spells are a little harder to cast, but a little more powerful.


Message History

You kill the orc!
Okawaru accepts your kill.
You closely miss the water moccasin. The water moccasin bites you.
* * * LOW HITPOINT WARNING * * *
You hit the orc warrior.
The orc warrior is heavily wounded.
You slash the water moccasin!
The water moccasin bites you but does no damage.
The orc warrior hits you with a +0 dire flail.
* * * LOW HITPOINT WARNING * * *
The water moccasin bites you.
* * * LOW HITPOINT WARNING * * *
You slash the orc warrior!
The orc warrior is almost dead.
You barely miss the water moccasin.
The orc warrior hits you with a +0 dire flail!
* * * LOW HITPOINT WARNING * * *
The water moccasin barely misses you.
Unknown command.
You feel better.
The water moccasin bites you but does no damage.
The orc warrior hits you with a +0 dire flail.
* * * LOW HITPOINT WARNING * * *
The water moccasin bites you but does no damage.
You barely miss the orc warrior.
The orc warrior is almost dead.
You closely miss the water moccasin.
The orc warrior hits you with a +0 dire flail!
* * * LOW HITPOINT WARNING * * *
The water moccasin bites you but does no damage.
The orc warrior barely misses you.
Cleave: a) +0 war axe
Press: ? - help, Dir - move target, f - orc warrior
Aim: an orc warrior, wielding a +0 dire flail and wearing a +0 chain mail (almost dead, about 39% to evade your +0 war axe)
You closely miss the orc warrior.
The orc warrior is almost dead.
You barely miss the water moccasin. The water moccasin barely misses you.
The water moccasin closely misses you.
The orc warrior hits you with a +0 dire flail!
You die...

#### #... +... ######
#)).
#####....############.).
....'.o@.'..........>##.
#####.)S.###########.##+
#....# #†... #.....
#†)†. #...... #....
#......# ....^ #.......
....#. #........ .....##
.$.....


You could see an orc warrior and a water moccasin.

Vanquished Creatures
  Erica (D:8)
  Pikel (D:4)
  Prince Ribbit (D:6)
  3 vampire mosquitoes (D:10)
  An ice beast (D:8)
  Duvessa (D:6)
  3 orc warriors
  A sky beast (D:8)
  A black bear (D:5)
  A centaur (D:7)
  2 ogres
  2 phantoms
  3 bullfrogs
  A kobold brigand (D:8)
  A scorpion (D:6)
  Dowan (D:6)
  11 killer bees
  2 howler monkeys
  4 orc priests
  2 jellies
  3 hounds (D:5)
  4 iguanas
  3 sleepcaps
  10 orc wizards
  2 adders (D:2)
  A shadow imp (D:8)
  2 white imps (D:7)
  An ufetubus (D:4)
  A worm (D:4)
  25 orcs
  12 endoplasms
  4 giant cockroaches
  9 goblins
  9 hobgoblins
  6 jackals
  5 quokkas
  8 ball pythons
  5 bats
  5 frilled lizards
  8 kobolds
  4 rats
170 creatures vanquished.

Vanquished Creatures (others)
  An orc wizard (D:7)
1 creature vanquished.

Grand Total: 171 creatures vanquished

Notes
Turn   | Place    | Note
-------+----------+-------------------------------------------
     0 | D:1      | Nick1 the Formicid Fighter began the quest for the Orb.
     0 | D:1      | Reached XP level 1. HP: 18/18 MP: 1/1
    25 | D:1      | Reached XP level 2. HP: 19/24 MP: 2/2
   128 | D:1      | Reached XP level 3. HP: 29/29 MP: 3/3
   741 | D:2      | Reached skill level 3 in Axes
   741 | D:2      | Reached XP level 4. HP: 37/37 MP: 4/4
   795 | D:2      | Identified the +1 robe of Guin {Int+2}
  1383 | D:3      | Found a hide-covered altar of Uskayaw.
  1880 | D:4      | Found a broken altar of Ashenzari.
  1921 | D:4      | Reached XP level 5. HP: 38/42 MP: 5/5
  1977 | D:4      | Reached skill level 4 in Axes
  2029 | D:4      | Reached XP level 6. HP: 46/48 MP: 6/6
  2197 | D:4      | Reached skill level 5 in Axes
  2256 | D:4      | Noticed Pikel
  2262 | D:4      | Killed Pikel
  2263 | D:4      | Reached skill level 6 in Axes
  2263 | D:4      | Reached skill level 1 in Dodging
  2263 | D:4      | Reached skill level 5 in Shields
  2263 | D:4      | Reached XP level 7. HP: 42/55 MP: 7/7
  2263 | D:4      | Reached XP level 8. HP: 46/61 MP: 8/8
  2271 | D:4      | Found a radiant altar of Vehumet.
  2277 | D:4      | Found a white marble altar of Elyvilon.
  2281 | D:4      | Found a sacrificial altar of Ru.
  2286 | D:4      | Found a blossoming altar of Fedhas.
  2290 | D:4      | Found an ornate altar of the Wu Jian Council.
  2298 | D:4      | Found a basalt altar of Yredelemnul.
  2306 | D:4      | Found an opulent altar of Gozag.
  2534 | D:4      | Gained mutation: You occasionally lose the ability to read
                  | scrolls when taking damage. [potion of mutation]
  2534 | D:4      | Gained mutation: You are covered in fur. (AC +1) [potion of
                  | mutation]
  2535 | D:4      | Lost mutation: You are covered in fur. (AC +1) [potion of
                  | mutation]
  2535 | D:4      | Lost mutation: You occasionally lose the ability to read
                  | scrolls when taking damage. [potion of mutation]
  2535 | D:4      | Gained mutation: You do not regenerate when monsters are
                  | visible. [potion of mutation]
  2535 | D:4      | Gained mutation: Potions are less effective at restoring
                  | your health. [potion of mutation]
  2544 | D:5      | Entered Level 5 of the Dungeon
  2548 | D:5      | Lost mutation: Potions are less effective at restoring your
                  | health. [potion of mutation]
  2548 | D:5      | Lost mutation: You do not regenerate when monsters are
                  | visible. [potion of mutation]
  2548 | D:5      | Gained mutation: Your muscles are strong. (Str +4, Int/Dex
                  | -1) [potion of mutation]
  2548 | D:5      | Lost mutation: Your muscles are strong. (Str +4, Int/Dex
                  | -1) [potion of mutation]
  2548 | D:5      | Gained mutation: You are partially covered in iridescent
                  | scales. (AC +2) [potion of mutation]
  2548 | D:5      | Gained mutation: You expend magic power (3 MP) to
                  | strengthen your wands. [potion of mutation]
  2772 | D:5      | Reached skill level 1 in Throwing
  2774 | D:5      | Reached skill level 5 in Fighting
  2774 | D:5      | Reached skill level 5 in Armour
  2788 | D:5      | Reached skill level 7 in Axes
  3183 | D:6      | Lost mutation: You expend magic power (3 MP) to strengthen
                  | your wands. [potion of mutation]
  3183 | D:6      | Lost mutation: You are partially covered in iridescent
                  | scales. (AC +2) [potion of mutation]
  3183 | D:6      | Gained mutation: Your spells are a little harder to cast,
                  | but a little more powerful. [potion of mutation]
  3358 | D:6      | Noticed Prince Ribbit
  3379 | D:6      | Killed Prince Ribbit
  3380 | D:6      | Reached XP level 9. HP: 17/68 MP: 9/9
  3653 | D:6      | Noticed Dowan
  3656 | D:6      | Noticed Duvessa
  3665 | D:6      | Killed Duvessa
  3666 | D:6      | Reached skill level 8 in Axes
  3668 | D:6      | Killed Dowan
  3708 | D:6      | Noticed an angel
  3709 | D:6      | Found a glowing silver altar of Zin.
  4619 | D:7      | Found a staircase to the Ecumenical Temple.
  4631 | Temple   | Entered the Ecumenical Temple
  4705 | Temple   | Became a worshipper of Warmaster Okawaru
  4761 | D:7      | Found Ocke's Jewellery Emporium.
  5175 | D:8      | Noticed Erica
  5489 | D:8      | Reached skill level 9 in Axes
  5511 | D:8      | Killed Erica
  5511 | D:8      | Reached * piety under Okawaru
  5512 | D:8      | Reached skill level 1 in Invocations
  5512 | D:8      | Reached XP level 10. HP: 36/77 MP: 9/11
  5671 | D:8      | Found a staircase to the Lair.
  5799 | D:8      | You fall into a shaft and drop 2 floors!
  5799 | D:10     | Entered Level 10 of the Dungeon
  5877 | D:10     | Reached skill level 10 in Axes
  5913 | D:10     | Reached ** piety under Okawaru
  6286 | D:9      | HP: 3/77 [orc priest/divine providence (14)]
  6302 | D:9      | HP: 3/77 [orc warrior/+0 dire flail (8)]
  6303 | D:9      | Mangled by an orc warrior

Illustrated notes

Levels and vault maps discovered:
D:1:      lightli_arrival_maybe_door_vault, layout_loops_cross,
          nicolae_concentric_dashed_squares_wild, serial_bayou_ford_a
D:2:      layout_rooms, grunt_ministairs_5, nicolae_elevator_lobby_plus
D:3:      layout_loops_ring, marbit_many_paths
D:4:      layout_cave_pools, evilmike_ruin_ashenzari,
          grunt_temple_overflow_octagram, uniq_pikel
D:5:      layout_basic
D:6:      layout_rooms, zin_angel, uniq_prince_ribbit1, uniq_duvessa
D:7:      layout_loops_corners, minmay_temple_entry_mini_moons, serial_shops,
          shop
D:8:      layout_rooms, lightli_temple_of_fire, lair_entry_dummy,
          minmay_misc_feat_plants, uniq_erica
D:9:      layout_basic, orc_0_dummy, hangedman_decor_push, uniq_psyche
D:10:     layout_basic, bloody_makhleb
Temple:   hellmonk_temple_beads

Skill      XL: |  1  2  3  4  5  6  7  8  9 10 |
---------------+-------------------------------+-----
Axes           | 3 4 6 7 9 10 | 10.5
Fighting       | 4 5 6 |  6.9
Armour         | 4 5 7 |  7.7
Dodging        | 1 |  1.6
Shields        | 5 6 7 |  7.7
Throwing       | 1 2 |  2.0
Invocations    | 1 2 |  2.8
Stealth        | |  0.9

Action                     |  1- 3 |  4- 6 |  7- 9 | 10-12 || total
---------------------------+-------+-------+-------+-------++-------
  Melee: War axe           |   102 |   116 |   224 |   138 ||   580
  Throw: Dart              |       |     8 |    13 |    11 ||    32
         Javelin           |       |       |    13 |       ||    13
         Throwing net      |       |       |     1 |       ||     1
 Invoke: Heroism           |       |       |       |     2 ||     2
  Evoke: Wand              |       |       |       |     1 ||     1
    Use: Scroll            |     1 |     2 |     6 |     1 ||    10
         Potion            |       |     1 |     7 |     6 ||    14
 Armour: Scale mail        |    56 |    18 |       |       ||    74
         Chain mail        |       |    39 |   112 |    96 ||   247
  Dodge: Dodged            |    63 |    40 |    83 |    69 ||   255
  Block: Buckler           |    42 |    26 |    60 |    42 ||   170
